 Dungeon Crawl Stone Soup version 0.21.1-1-g345015f (webtiles) character file.

184 tidbits the Sneak (level 5, 0/37 HPs)
             Began as a Gnoll Enchanter on June 24, 2018.
             Succumbed to a worker ant's poison
             ... on level 4 of the Dungeon.
             The game lasted 00:05:40 (677 turns).

tidbits the Sneak (Gnoll Enchanter)                  Turns: 677, Time: 00:05:40

Health: 0/37       AC:  3    Str: 15    XL:     5   Next: 63%
Magic:  9/12       EV: 15    Int: 18    God:
Gold:   78         SH:  0    Dex: 16    Spells: 5/14 levels left

rFire    . . .     SeeInvis .   q - +2 quarterstaff (chaos)
rCold    . . .     Gourm    .   (shield currently unavailable)
rNeg     . . .     Faith    .   b - +0 robe
rPois    .         Spirit   .   (no helmet)
rElec    .         Reflect  .   C - +0 cloak
rCorr    .         Harm     .   (no gloves)
MR       .....                  (no boots)
Stlth    +++.......             (no amulet)
HPRegen  0.12/turn              (no ring)
MPRegen  0.13/turn              (no ring)

@: mighty, lethally poisoned (0 -> -4)
A: distributed training, fangs 1, strong nose
a: no special abilities


You were on level 4 of the Dungeon.
You were not hungry.

You visited 1 branch of the dungeon, and saw 4 of its levels.

You collected 78 gold pieces.

Inventory:

Hand Weapons
 a - a +1 dagger
 m - a +0 spear
 q - a +2 quarterstaff of chaos (weapon)
   (You took it off Crazy Yiuf on level 2 of the Dungeon)
 s - a +0 long sword
Missiles
 j - 3 stones (quivered)
 k - 18 poisoned needles
Armour
 b - a +0 robe (worn)
 C - a +0 cloak (worn)
Scrolls
 e - 2 scrolls of remove curse
 f - 2 scrolls of teleportation
 g - a scroll of fog {unknown}
 i - 2 scrolls of fear {unknown}
 n - a scroll of enchant weapon {unknown}
 o - a scroll of identify {unknown}
 p - a scroll of immolation {unknown}
 r - a scroll of random uselessness {unknown}
Potions
 l - a potion of might
Books
 c - a book of Maledictions

   Spells                             Type                      Level
   a - Corona                         Hexes                        1
   b - Ensorcelled Hibernation        Hexes/Ice                    2
   c - Confuse                        Hexes                        3
   d - Tukima's Dance                 Hexes                        3
   e - Dazzling Spray                 Conjuration/Hexes            3
Comestibles
 d - 4 rations


   Skills:
 + Level 1.5 Fighting
 + Level 3.0 Short Blades
 + Level 1.5 Long Blades
 + Level 1.5 Axes
 + Level 1.5 Maces & Flails
 + Level 1.5 Polearms
 + Level 1.5 Staves
 + Level 1.5 Slings
 + Level 1.5 Bows
 + Level 1.5 Crossbows
 + Level 1.5 Throwing
 + Level 1.5 Armour
 + Level 4.8 Dodging
 + Level 6.1 Stealth
 + Level 1.5 Shields
 + Level 1.5 Unarmed Combat
 + Level 5.2 Spellcasting
 + Level 1.2 Conjurations
 + Level 5.5 Hexes
 + Level 1.2 Charms
 + Level 1.2 Summonings
 + Level 1.2 Necromancy
 + Level 1.2 Translocations
 + Level 1.2 Transmutations
 + Level 1.2 Fire Magic
 + Level 1.2 Ice Magic
 + Level 1.2 Air Magic
 + Level 1.2 Earth Magic
 + Level 1.2 Poison Magic
 + Level 1.7 Invocations
 + Level 1.5 Evocations


You had 5 spell levels left.
You knew the following spells:

 Your Spells              Type           Power        Failure   Level  Hunger
a - Corona                Hex            ###....      1%          1    None
c - Confuse               Hex            ###.....     3%          3    ##.....
d - Dazzling Spray        Conj/Hex       ###...       10%         3    ##.....
e - Ensorcelled Hibernat  Hex/Ice        ###...       4%          2    #......


Dungeon Overview and Level Annotations

Branches:
Dungeon (4/15)
 Temple: D:4-7

Altars:

Annotations:
D:3 iamserjio's ghost, weakling GnAs


Innate Abilities, Weirdness & Mutations

Your experience applies equally to all skills.
You have very sharp teeth.
Your uncanny sense of smell can sniff out nearby items.


Message History

An ooze comes into view.
Found 21 gold pieces.
You see here 12 gold pieces.
You now have 78 gold pieces (gained 12).
An orc comes into view.
The orc moves out of view.
An orc priest comes into view. It is wielding a hand axe.
Unknown command.
The helpless ooze fails to defend itself.
You impale the ooze!!
You kill the ooze!
You open the door.
An adder, a hound, a bullfrog and an orc come into view.
The adder hisses angrily.
You hear a shout! x2
A quokka skeleton comes into view.
You hear a loud, deep croak!
You hear an angry hiss. x2
Found a long sword.
You see here a long sword.
s - a long sword An adder comes into view.
The orc priest invokes the aid of Beogh against you.
Beogh smites you!
* * * LOW HITPOINT WARNING * * *
Unknown command.
Casting: Ensorcelled Hibernation
Confirm with . or Enter, or press ? or * to list all spells.
Aiming: Ensorcelled Hibernation
Press: ? - help, Shift-Dir - straight line, f - orc priest
Aim: an orc priest, wielding a hand axe and wearing a leather armour (chance to defeat MR: 47%)
The orc priest resists with some effort.
The orc priest mumbles some strange prayers to Beogh against you.
Beogh smites you!
* * * LOW HITPOINT WARNING * * *
You hear an angry hiss.
You hear a shout!
You hear an angry hiss.
You hear a shout!
Casting: Ensorcelled Hibernation
Confirm with . or Enter, or press ? or * to list all spells.
Aiming: Ensorcelled Hibernation
Press: ? - help, Shift-Dir - straight line, f/p - orc priest
Aim: an orc priest, wielding a hand axe and wearing a leather armour (chance to defeat MR: 47%)
The orc priest looks drowsy...
You hear a shout!
You hear a bark!
You hear a loud, deep croak!
The helpless orc priest fails to defend itself.
You impale the orc priest!!
You kill the orc priest!
You have reached level 5!
Things that are here:
a hand axe; a leather armour; an orc corpse Unknown command.
It was a potion of might.
You feel very mighty all of a sudden.
The orc shouts!
You hit the orc.
The orc is almost dead.
You hear an angry hiss.
You completely miss the orc.
The orc is almost dead.
The orc barely misses you.
An orc comes into view. It is wielding a dagger.
The orc shouts!
You puncture the orc!
You kill the orc!
You hear an angry hiss.
The orc throws a stone.
The stone misses you.
A worker ant comes into view.
Okay, then.
Wield which item (- for none, * to show all)? (? for menu, Esc to quit)
Your +2 quarterstaff of chaos is briefly surrounded by a scintillating aura of random colours.
q - a +2 quarterstaff of chaos (weapon)
It was a potion of curing.
You feel better.
The orc throws a stone.
The stone hits you but does no damage.
Items here: ( ) [ † a stone; a hand axe; a leather armour; an orc corpse The orc throws a stone.
The stone hits you.
* * * LOW HITPOINT WARNING * * *
You see here 2 stones.
You sock the orc! You burn the orc.
You kill the orc!
The orc throws a stone.
The stone hits you.
* * * LOW HITPOINT WARNING * * *
The hound barks!
You sock the worker ant!
The worker ant is severely wounded.
The worker ant bites you.
* * * LOW HITPOINT WARNING * * *
You closely miss the worker ant.
The worker ant is severely wounded.
The worker ant closely misses you. The worker ant bites you.
* * * LOW HITPOINT WARNING * * *
You are poisoned.
The worker ant poisons you!
You thump the worker ant! You freeze the worker ant.
You kill the worker ant!
You feel sick.
The orc throws a stone.
The stone closely misses you.
The stone closely misses the hound.
The hound bites you.
* * * LOW HITPOINT WARNING * * *
You sock the hound!
You kill the hound!
Your Short Blades skill increases to level 3!
You die...

..#
#.............#
.##
##....#.#####.#
## ##...#.....#
# ∆ ##.##.###(#
#...## #.#
.......#.# #.#
....####.# #.#
... ..#'# #.# .
.h... #@#
o.....##)#
.......[o#
.#.....####
.o#.....# ##
#.....# #.. ##


You could see an orc.

Vanquished Creatures
  A hound (D:4)
  An orc priest (D:4)
  Crazy Yiuf (D:2)
  2 worker ants (D:4)
  2 adders
  An ooze (D:4)
  A leopard gecko (D:2)
  2 orcs (D:4)
  2 giant cockroaches
  4 goblins (D:1)
  3 hobgoblins
  2 jackals (D:2)
  6 kobolds
  A quokka (D:2)
  A bat (D:1)
  4 rats
34 creatures vanquished.

Notes
Turn   | Place    | Note
-------+----------+-------------------------------------------
     0 | D:1      | tidbits the Gnoll Enchanter began the quest for the Orb.
     0 | D:1      | Reached XP level 1. HP: 13/13 MP: 6/6
   178 | D:1      | Reached XP level 2. HP: 10/19 MP: 7/7
   182 | D:1      | Learned a level 2 spell: Ensorcelled Hibernation
   396 | D:3      | Reached skill level 5 in Spellcasting
   396 | D:3      | Reached XP level 3. HP: 10/25 MP: 6/9
   401 | D:3      | Learned a level 3 spell: Confuse
   405 | D:3      | Learned a level 3 spell: Dazzling Spray
   407 | D:3      | Noticed iamserjio's ghost (weakling GnAs)
   417 | D:2      | Reached skill level 6 in Stealth
   454 | D:2      | Found a runed door.
   458 | D:2      | Noticed Crazy Yiuf
   462 | D:2      | Killed Crazy Yiuf
   462 | D:2      | Reached skill level 1 in Fighting
   462 | D:2      | Reached skill level 1 in Long Blades
   462 | D:2      | Reached skill level 1 in Axes
   462 | D:2      | Reached skill level 1 in Maces & Flails
   462 | D:2      | Reached skill level 1 in Polearms
   462 | D:2      | Reached skill level 1 in Staves
   462 | D:2      | Reached skill level 1 in Slings
   462 | D:2      | Reached skill level 1 in Bows
   462 | D:2      | Reached skill level 1 in Crossbows
   462 | D:2      | Reached skill level 1 in Throwing
   462 | D:2      | Reached skill level 1 in Armour
   462 | D:2      | Reached skill level 1 in Shields
   462 | D:2      | Reached skill level 1 in Unarmed Combat
   462 | D:2      | Reached skill level 1 in Invocations
   462 | D:2      | Reached skill level 1 in Evocations
   462 | D:2      | Reached XP level 4. HP: 13/32 MP: 3/11
   579 | D:4      | Reached skill level 1 in Conjurations
   579 | D:4      | Reached skill level 1 in Charms
   579 | D:4      | Reached skill level 1 in Summonings
   579 | D:4      | Reached skill level 1 in Necromancy
   579 | D:4      | Reached skill level 1 in Translocations
   579 | D:4      | Reached skill level 1 in Transmutations
   579 | D:4      | Reached skill level 1 in Fire Magic
   579 | D:4      | Reached skill level 1 in Ice Magic
   579 | D:4      | Reached skill level 1 in Air Magic
   579 | D:4      | Reached skill level 1 in Earth Magic
   579 | D:4      | Reached skill level 1 in Poison Magic
   634 | D:4      | Noticed a bullfrog
   658 | D:4      | HP: 3/32 [orc priest/divine providence (10)]
   660 | D:4      | Reached XP level 5. HP: 4/37 MP: 7/12
   676 | D:4      | HP: 1/37 [hound (5)]
   677 | D:4      | Reached skill level 3 in Short Blades
   677 | D:4      | Succumbed to a worker ant's poison

Skill      XL: |  1  2  3  4  5 |
---------------+----------------+-----
Spellcasting   | 5 |  5.2
Stealth        | 6 |  6.1
Fighting       | 1 |  1.5
Long Blades    | 1 |  1.5
Axes           | 1 |  1.5
Maces & Flails | 1 |  1.5
Polearms       | 1 |  1.5
Staves         | 1 |  1.5
Slings         | 1 |  1.5
Bows           | 1 |  1.5
Crossbows      | 1 |  1.5
Throwing       | 1 |  1.5
Armour         | 1 |  1.5
Shields        | 1 |  1.5
Unarmed Combat | 1 |  1.5
Invocations    | 1 |  1.7
Evocations     | 1 |  1.5
Conjurations   | 1 |  1.2
Charms         | 1 |  1.2
Summonings     | 1 |  1.2
Necromancy     | 1 |  1.2
Translocations | 1 |  1.2
Transmutations | 1 |  1.2
Fire Magic     | 1 |  1.2
Ice Magic      | 1 |  1.2
Air Magic      | 1 |  1.2
Earth Magic    | 1 |  1.2
Poison Magic   | 1 |  1.2
Short Blades   | 3 |  3.0
Dodging        | |  4.8
Hexes          | |  5.5

Action                   |  1- 3 |  4- 6 || total
-------------------------+-------+-------++-------
Melee: Dagger            |    55 |    15 ||    70
       Bite              |     2 |     2 ||     4
       Quarterstaff      |       |     5 ||     5
 Cast: Corona            |    12 |       ||    12
       Ensorcelled Hiber |    10 |     6 ||    16
  Use: Scroll            |     1 |     1 ||     2
       Potion            |       |     2 ||     2
 Stab: Sleeping          |     8 |     7 ||    15
Armor: Robe              |    12 |     3 ||    15
Dodge: Dodged            |    44 |     8 ||    52

Table legend:
 A = Turns spent in this place as a percentage of turns spent in the entire game.
 B = Non-inter-level travel turns spent in this place as a percentage of non-inter-level travel turns spent in the entire game.
 C = Inter-level travel turns spent in this place as a percentage of turns spent in this place.
 D = Turns resting spent in this place as a percentage of non-inter-level travel turns spent in this place.
 E = Turns spent auto-exploring this place as a percentage of non-inter-level travel turns spent in this place.
 F = Non-inter-level travel turns spent in this place divided by the number of levels of this place that you've seen.
                   A       B       C       D       E      F
               +-------+-------+-------+-------+-------+----------------------
         Total | 100.0 | 100.0 |   1.0 |   0.0 |   0.0 | 167.5
       Dungeon | 100.0 | 100.0 |   1.0 |   0.0 |   0.0 | 167.5
               +-------+-------+-------+-------+-------+----------------------

Table legend:
 A = Kills in this place as a percentage of kills in entire the game.
 B = Kills by you in this place as a percentage of kills by you in the entire game.
 C = Kills by friends in this place as a percentage of kills by friends in the entire game.
 D = Other kills in this place as a percentage of other kills in the entire game.
 E = Experience gained in this place as a percentage of experience gained in the entire game.
 F = Experience gained in this place divided by the number of levels of this place that you have seen.
                   A       B       C       D       E      F
               +-------+-------+-------+-------+-------+----------------------
         Total | 100.0 | 100.0 |   N/A |   N/A | 100.0 |  65.8
       Dungeon | 100.0 | 100.0 |   N/A |   N/A | 100.0 |  65.8
               +-------+-------+-------+-------+-------+----------------------

Vault maps used:
D:1:      matt_arrival_spirals
D:2:      dk_noncrumbling_3, uniq_crazy_yiuf_cottage
D:3:      first_ration
D:4:      overflow_temple_1_default, lemuel_zombie_altar_yredelemnul,
          serial_shops, shop_fountains, minivault_19, minmay_item_behind_shaft
